 Dungeon Crawl Stone Soup version 0.30-a0-141-g30f27751c5 (webtiles) character file.

Game seed: 1801088693765924397

30097 qw the Cleaver (level 13, -13/82 HPs)
             Began as a Gargoyle Fighter on Sept 25, 2022.
             Was an Elder of Okawaru.
             Killed from afar by a lindwurm (28 damage)
             ... with a blast of flame
             ... on level 3 of the Lair of Beasts.
             The game lasted 00:05:37 (12318 turns).

qw the Cleaver (Gargoyle Fighter)                  Turns: 12318, Time: 00:05:37

Health: -13/82     AC: 39    Str: 26    XL:     13   Next: 49%
Magic:  20/20      EV: 12    Int: 10    God:    Okawaru [****..]
Gold:   875        SH: 14    Dex: 18    Spells: 12/12 levels left

rFire   . . .      SeeInvis +    r - +2 war axe (vamp)
rCold   + . .      Faith    .    s - +2 buckler {AC+3}
rNeg    + . .      Spirit   .    k - +0 plate armour
rPois   inf        Reflect  +    n - +2 helmet
rElec   +          Harm     .    y - +1 cloak of Limited Liability {rC+}
rCorr   .          Rampage  .    m - +2 pair of gloves
Will    +....                    (no boots)
Stlth   ..........               v - amulet of Siatuaso {Reflect rElec Will+ Str+2 Dex+3 SH+5}
HPRegen 0.23/turn                z - ring of see invisible
MPRegen 0.17/turn                o - +6 ring of dexterity

@: about to teleport, heroic
A: sickness immunity, AC +9, negative energy resistance 1, electricity
resistance, torment resistance 1, petrification resistance
a: Renounce Religion, Heroism, Finesse


You were on level 3 of the Lair of Beasts.
You worshipped Okawaru.
Okawaru was greatly pleased with you.
You visited 3 branches of the dungeon, and saw 15 of its levels.
You also visited: Ossuary.

You collected 999 gold pieces.
You spent 124 gold pieces at shops.


Innate Abilities, Weirdness & Mutations

You are immune to sickness and miasma.
Your stone body is resilient. (AC +9)
You are immune to poison.
You resist negative energy. (rN+)
You are resistant to electric shocks. (rElec)
You are resistant to unholy torment.
You are immune to petrification.


   Skills:
 + Level 10.0(15.0) Fighting
 - Level 14.0(19.0) Axes
 - Level 2.3(7.3) Throwing
 - Level 10.0(15.0) Armour
 - Level 4.0(9.0) Dodging
 - Level 6.7(11.7) Shields
 - Level 10.0 Invocations


You had 12 spell levels left.
You didn't know any spells.
Your spell library was empty.

Inventory:

Hand Weapons
 c - a +0 broad axe of freezing
 r - a +2 vampiric war axe (weapon)
 t - a +2 war axe of flaming
Missiles
 p - 10 boomerangs (quivered)
Armour
 k - a +0 plate armour (worn)
 m - a +2 pair of gloves (worn)
 n - a +2 helmet (worn)
 q - a +1 chain mail of fire resistance
 s - a +2 buckler of protection (worn)
 x - a scarf of resistance
 y - the +1 cloak of Limited Liability (worn) {rC+}
   (Okawaru gifted it to you on level 1 of the Lair of Beasts)

   rC:        It protects you from cold.
 A - the +3 pair of gauntlets of War {Slay+5}
   (You found it on level 3 of the Lair of Beasts)

   Slay:      It affects your accuracy & damage with ranged weapons and melee
   (+5).
Jewellery
 o - a +6 ring of dexterity (right hand)
 v - the amulet of Siatuaso (around neck) {Reflect rElec Will+ Str+2 Dex+3 SH+5}
   (You acquired it in an ossuary)

   [amulet of reflection]

   It reflects blocked missile attacks.
   Str:       It affects your strength (+2).
   Dex:       It affects your dexterity (+3).
   rElec:     It insulates you from electricity.
   SH:        It affects your SH (+5).
   Will:      It increases your willpower.
 z - a ring of see invisible (left hand)
 Y - a ring of willpower
Scrolls
 j - 5 scrolls of identify
 u - a scroll of brand weapon
 w - 4 scrolls of teleportation
Potions
 a - a potion of cancellation
 b - 5 potions of resistance
 d - 3 potions of might
 e - 2 potions of attraction
 f - 5 potions of lignification
 g - 5 potions of curing
 h - 2 potions of mutation
 i - 3 potions of haste
 l - 2 potions of heal wounds

Dungeon Overview and Level Annotations

Branches:
Dungeon (11/15)            Temple (1/1) D:7            Lair (3/5) D:11
  Swamp (0/4) Lair:2       Spider (0/4) Lair:2          Orc (0/2) D:11
Ossuary (visited)

Altars:
Ashenzari
Cheibriados
Dithmenos
Elyvilon
Fedhas
Gozag
Hepliaklqana
Kikubaaqudgha
Makhleb
Nemelex Xobeh
Okawaru
Qazlal
Ru
Sif Muna
Trog
Uskayaw
Vehumet
Wu Jian
Xom
Yredelemnul
Zin
The Shining One

Shops:
D:2 *   D:4 (

Annotations:
D:6 3 runed translucent doors, qw's ghost, novice GrFi


Message History

You slash the lindwurm! You block the lindwurm's attack.
The lindwurm closely misses you. You block the lindwurm's attack.
You hit the lindwurm but do no damage.
The lindwurm is moderately wounded.
You slash the lindwurm!
You feel better. You block the lindwurm's attack. x2
The lindwurm claws you but does no damage.
The lindwurm barely misses you. You block the lindwurm's attack.
The lindwurm closely misses you.
You slice the lindwurm!!
The lindwurm is almost dead.
You completely miss the lindwurm. You hit the lindwurm.
You feel better.
You barely miss the lindwurm.
The lindwurm is almost dead.
You closely miss the lindwurm. You slash the lindwurm!
You feel better. The lindwurm breathes flames at you.
The blast of flame hits you!! You block the lindwurm's attack.
The lindwurm completely misses you. You block the lindwurm's attack.
The lindwurm bites you but does no damage.
The lindwurm claws you but does no damage.
You block the lindwurm's attack.
You hit the lindwurm but do no damage.
The lindwurm is almost dead.
You hit the lindwurm.
You feel better.
You hit the lindwurm but do no damage.
The lindwurm bites you but does no damage.
You block the lindwurm's attack. x2
The lindwurm breathes flames at you.
The blast of flame hits you but does no damage.
The lindwurm bites you!
The lindwurm claws you but does no damage. x2
12318 ||| READING 5 scrolls of teleportation.
As you read the scroll of teleportation, it crumbles to dust.
You feel strangely unstable. The lindwurm bites you.
You block the lindwurm's attack. x2
The lindwurm bites you but does no damage.
You block the lindwurm's attack. The lindwurm closely misses you.
The lindwurm breathes flames at you. The blast of flame hits you!!
You die...

...#
#............#
+...........## #
#...........#
#...........#
#...........#
......#.#####
.....###.#PP###P#
.................
.........@k¤##~P
.........kk.#
.........<......
......../...##.¤¤
............# .~
............# ~
.............
............##


You could see 3 lindwurms.

Vanquished Creatures
  Josephine (D:11)
  A catoblepas (Lair:2)
  A centaur warrior (D:11)
  A boulder beetle (Lair:3)
  2 two-headed ogres
  2 bog bodies (Lair:2)
  A lindwurm (Lair:3)
  A wizard (D:11)
  2 cyclopes (D:11)
  2 ugly things (D:11)
  2 manticores (D:11)
  10 elephants
  A black mamba (Lair:3)
  Maggie (D:8)
  5 cane toads
  6 komodo dragons
  2 kobold demonologists (D:11)
  An unseen horror (D:9)
  2 trolls (D:11)
  3 polar bears
  A shadow (D:10)
  A spriggan (shapeshifter) (D:11)
  5 wyverns
  22 yaks
  7 wraiths
  2 basilisks (Lair:1)
  A golden eye (shapeshifter) (D:11)
  A steam dragon (D:9)
  4 swamp worms (Lair:2)
  4 water moccasins
  An ice beast (D:6)
  A sky beast (D:4)
  9 orc warriors
  3 black bears
  A hornet zombie (D:8)
  3 centaurs
  5 ogres
  6 kobold brigands
  13 bullfrogs
  3 gnoll sergeants
  11 scorpions
  A wyvern zombie (D:8)
  2 water moccasin zombies (Ossuary)
  17 wights (D:8)
  3 killer bees (D:9)
  2 electric eels
  3 howler monkeys
  3 centaur zombies (D:8)
  3 jellies
  7 orc priests
  2 gnoll boudas
  2 hounds (D:6)
  2 iguanas
  12 orc wizards
  A killer bee zombie (D:8)
  3 mummies
  4 howler monkey zombies (D:8)
  Robin (D:4)
  6 adders
  17 gnolls
  A shadow imp (D:5)
  3 white imps
  An ufetubus (D:5)
  2 adder zombies (Ossuary)
  5 worms
  2 dart slugs
  43 orcs
  4 ball pythons
  2 endoplasms (D:4)
  3 giant cockroaches
  16 goblins
  9 hobgoblins
  9 kobolds
  2 quokkas
  A bat (D:3)
  5 frilled lizards
  4 gnoll zombies (Ossuary)
  A goblin zombie (D:4)
  6 hobgoblin zombies
  6 kobold zombies (Ossuary)
  4 orc zombies (Ossuary)
  4 rats
375 creatures vanquished.

Vanquished Creatures (collateral kills)
  A kobold brigand (D:9)
  5 kobolds (D:9)
6 creatures vanquished.

Vanquished Creatures (others)
  33 fungi
  49 plants
  5 withered plants (D:8)
87 creatures vanquished.

Grand Total: 468 creatures vanquished

Notes
Turn   | Place    | Note
-------+----------+-------------------------------------------
     0 | D:1      | qw the Gargoyle Fighter began the quest for the Orb.
     0 | D:1      | Reached XP level 1. HP: 14/14 MP: 1/1
     0 | D:1      | 0 ||| qw: Version: 0.2-a-10-g399e6c4
     0 | D:1      | 0 ||| qw: Game counter: 364
     0 | D:1      | 0 ||| qw: Always use a shield: true
     0 | D:1      | 0 ||| qw: God list: Okawaru
     0 | D:1      | 0 ||| qw: Allow faded altars: false
     0 | D:1      | 0 ||| qw: Do Orc after D:15 true
     0 | D:1      | 0 ||| qw: Do second Lair branch before Depths: true
     0 | D:1      | 0 ||| qw: Lair rune preference: random
     0 | D:1      | 0 ||| qw: Plans: Normal, Zot:1-4, God:TSO, Crypt, Tomb,
                  | Pan, Slime:5, Hells, Abyss, Orb
     0 | D:1      | 0 ||| PLANNING D:1-11
   109 | D:1      | Reached skill level 2 in Axes
   156 | D:1      | Reached XP level 2. HP: 18/19 MP: 2/2
   626 | D:1      | 626 ||| UPGRADING to +0 plate armour.
   636 | D:1      | 636 ||| DROPPING +0 scale mail.
   637 | D:1      | 637 ||| UPGRADING to +2 pair of gloves.
   642 | D:1      | 642 ||| DROPPING +1 pair of gloves.
   643 | D:1      | 643 ||| DROPPING +6 ring of intelligence.
   644 | D:1      | 644 ||| READING scroll labelled IBOQUPR UTAOCH.
   645 | D:1      | 645 ||| READING scroll labelled GITOHINO TIUDGH.
   646 | D:1      | 646 ||| READING 3 scrolls labelled YSOMENN JEXE.
   647 | D:1      | 647 ||| READING scroll labelled VIFEB XECEWN.
   648 | D:1      | 648 ||| DRINKING 2 green potions.
   649 | D:1      | 649 ||| DROPPING 2 scrolls of amnesia.
   722 | D:2      | 722 ||| STAIRDANCE
   779 | D:2      | 779 ||| STAIRDANCE
   824 | D:2      | Reached skill level 3 in Axes
   832 | D:2      | 832 ||| Stepping ~*~*~tactically~*~*~ (hiding).
   839 | D:2      | Reached XP level 3. HP: 22/23 MP: 3/3
  1444 | D:2      | Found Yfiran's Assorted Antiques.
  1450 | D:2      | 1450 ||| SHOPLISTING glowing whip (88 gold, have 34).
  1450 | D:2      | 1450 ||| SHOPLISTING kite shield (72 gold, have 34).
  1450 | D:2      | 1450 ||| SHOPLISTING pitted war axe (136 gold, have 34).
  1450 | D:2      | 1450 ||| BUYING scroll of identify (32 gold).
  1450 | D:2      | Bought a scroll of identify for 32 gold pieces
  1450 | D:2      | 1450 ||| SHOPLISTING yellow potion (14 gold, have 2).
  1488 | D:2      | Noticed a scorpion
  1499 | D:2      | Killed a scorpion
  1500 | D:2      | Reached skill level 4 in Axes
  1500 | D:2      | Reached XP level 4. HP: 28/28 MP: 4/4
  1731 | D:2      | 1731 ||| READING scroll labelled KIVELO EWKU.
  1732 | D:2      | 1732 ||| DRINKING 2 bubbling orange potions.
  1768 | D:2      | 1768 ||| STAIRDANCE
  1772 | D:2      | 1772 ||| STAIRDANCE
  1776 | D:2      | 1776 ||| STAIRDANCE
  1780 | D:2      | 1780 ||| STAIRDANCE
  1784 | D:2      | 1784 ||| STAIRDANCE
  1788 | D:2      | 1788 ||| STAIRDANCE
  1792 | D:2      | 1792 ||| STAIRDANCE
  1796 | D:2      | 1796 ||| STAIRDANCE
  1800 | D:2      | 1800 ||| STAIRDANCE
  1804 | D:2      | 1804 ||| STAIRDANCE
  1808 | D:2      | 1808 ||| STAIRDANCE
  1812 | D:2      | 1812 ||| STAIRDANCE
  1816 | D:2      | 1816 ||| STAIRDANCE
  1820 | D:2      | 1820 ||| STAIRDANCE
  1824 | D:2      | 1824 ||| STAIRDANCE
  1828 | D:2      | 1828 ||| STAIRDANCE
  1832 | D:2      | 1832 ||| STAIRDANCE
  1836 | D:2      | 1836 ||| STAIRDANCE
  2402 | D:3      | Reached XP level 5. HP: 32/32 MP: 5/5
  2498 | D:3      | 2498 ||| DROPPING +0 club.
  2506 | D:3      | 2506 ||| DROPPING +0 whip.
  2776 | D:3      | 2776 ||| READING scroll labelled HAMYSA OTIVONG.
  2777 | D:3      | 2777 ||| READING scroll labelled JORYES YSOASE.
  2778 | D:3      | 2778 ||| DRINKING 2 grey potions.
  2813 | D:4      | 2813 ||| PLANNING OSSUARY
  2818 | D:4      | Noticed Robin
  2821 | D:4      | Noticed a centaur
  2840 | D:4      | Killed Robin
  2841 | D:4      | Reached skill level 5 in Axes
  2845 | D:4      | Killed a centaur
  2846 | D:4      | Reached XP level 6. HP: 37/37 MP: 6/6
  2889 | D:4      | 2889 ||| Stepping ~*~*~tactically~*~*~ (stealth).
  2890 | D:4      | 2890 ||| Stepping ~*~*~tactically~*~*~ (stealth).
  2891 | D:4      | 2891 ||| Stepping ~*~*~tactically~*~*~ (stealth).
  2943 | D:4      | 2943 ||| Stepping ~*~*~tactically~*~*~ (stealth).
  3130 | D:4      | Noticed a sky beast
  3149 | D:4      | Killed a sky beast
  3150 | D:4      | Reached XP level 7. HP: 43/43 MP: 7/7
  3198 | D:4      | Found Udusodif's Antique Weapon Shop.
  3203 | D:4      | 3203 ||| BUYING morningstar (92 gold).
  3203 | D:4      | Bought a morningstar for 92 gold pieces
  3203 | D:4      | 3203 ||| SHOPLISTING runed flail (149 gold, have 57).
  3203 | D:4      | 3203 ||| DROPPING +0 flail.
  3404 | D:4      | Found a sand-covered staircase.
  3450 | D:4      | 3450 ||| UPGRADING to +0 helmet.
  3458 | Ossuary  | Entered an ossuary
  3506 | Ossuary  | Reached skill level 6 in Axes
  3553 | Ossuary  | 3553 ||| Stepping ~*~*~tactically~*~*~ (stealth).
  3684 | Ossuary  | 3684 ||| UPGRADING to +6 ring of dexterity.
  3685 | Ossuary  | 3685 ||| READING scroll labelled HAOSA YZ YRAPP.
  3686 | Ossuary  | 3686 ||| READING scroll labelled BAUCEMIAHEG.
  3687 | Ossuary  | 3687 ||| READING 3 scrolls labelled YZECOMUAMN.
  3687 | Ossuary  | Identified 3 scrolls of acquirement
  3687 | Ossuary  | 3687 ||| ACQUIRING +2 buckler of protection
  3687 | Ossuary  | Acquired a +2 buckler of protection
  3689 | Ossuary  | 3689 ||| UPGRADING to +2 buckler of protection.
  3699 | Ossuary  | 3699 ||| DROPPING +0 buckler.
  3700 | Ossuary  | 3700 ||| READING 2 scrolls of acquirement.
  3700 | Ossuary  | 3700 ||| ACQUIRING +0 broad axe of freezing
  3700 | Ossuary  | Acquired a +0 broad axe of freezing
  3702 | Ossuary  | 3702 ||| READING scroll of acquirement.
  3702 | Ossuary  | 3702 ||| ACQUIRING amulet of Siatuaso {Reflect rElec Will+
                  | Str+2 Dex+3 SH+5}
  3702 | Ossuary  | Acquired the amulet of Siatuaso {Reflect rElec Will+ Str+2
                  | Dex+3 SH+5}
  3704 | Ossuary  | 3704 ||| UPGRADING to amulet of Siatuaso {Reflect rElec
                  | Will+ Str+2 Dex+3 SH+5}.
  3709 | Ossuary  | 3709 ||| DRINKING 2 sedimented purple potions.
  3736 | Ossuary  | 3736 ||| DRINKING 3 emerald potions.
  3737 | Ossuary  | 3737 ||| READING 2 scrolls of identify.
  3737 | Ossuary  | 3737 ||| IDENTIFYING red potion
  3738 | Ossuary  | 3738 ||| DROPPING potion of berserk rage.
  3744 | D:4      | 3744 ||| PLANNING D:1-11
  3758 | D:5      | Entered Level 5 of the Dungeon
  3768 | D:5      | Reached skill level 1 in Dodging
  3943 | D:5      | Found a shadowy altar of Dithmenos.
  3977 | D:5      | Reached XP level 8. HP: 48/48 MP: 8/8
  4034 | D:5      | Reached skill level 7 in Axes
  4276 | D:5      | 4276 ||| DRINKING 2 glowing orange potions.
  4277 | D:5      | 4277 ||| DRINKING 2 glowing pink potions.
  4278 | D:5      | 4278 ||| DRINKING 2 yellow potions.
  4279 | D:5      | 4279 ||| DROPPING potion of brilliance.
  4280 | D:5      | 4280 ||| DROPPING potion of magic.
  4350 | D:6      | 4350 ||| Stepping ~*~*~tactically~*~*~ (stealth).
  4359 | D:6      | 4359 ||| Stepping ~*~*~tactically~*~*~ (stealth).
  4477 | D:6      | 4477 ||| Stepping ~*~*~tactically~*~*~ (stealth).
  4483 | D:6      | 4483 ||| Stepping ~*~*~tactically~*~*~ (stealth).
  4485 | D:6      | 4485 ||| Stepping ~*~*~tactically~*~*~ (hiding).
  4486 | D:6      | 4486 ||| Stepping ~*~*~tactically~*~*~ (hiding).
  4493 | D:6      | Reached skill level 8 in Axes
  4625 | D:6      | Found a runed translucent gate.
  4625 | D:6      | Found a runed translucent gate.
  4625 | D:6      | Found a runed translucent gate.
  4627 | D:6      | Noticed a kobold demonologist
  4627 | D:6      | Noticed qw's ghost (novice GrFi)
  4790 | D:6      | 4790 ||| Stepping ~*~*~tactically~*~*~ (stealth).
  4793 | D:6      | 4793 ||| Stepping ~*~*~tactically~*~*~ (stealth).
  4860 | D:6      | 4860 ||| Stepping ~*~*~tactically~*~*~ (hiding).
  4931 | D:6      | 4931 ||| READING scroll labelled LUID OQUDACW.
  4932 | D:6      | 4932 ||| READING scroll labelled SUYXUPEAMUXE.
  4933 | D:6      | 4933 ||| READING 2 scrolls of identify.
  4933 | D:6      | 4933 ||| IDENTIFYING inky potion
  4966 | D:7      | Reached skill level 6 in Fighting
  4966 | D:7      | Reached XP level 9. HP: 55/55 MP: 9/9
  5025 | D:7      | 5025 ||| Stepping ~*~*~tactically~*~*~ (hiding).
  5129 | D:7      | 5129 ||| Stepping ~*~*~tactically~*~*~ (stealth).
  5136 | D:7      | Found a staircase to the Ecumenical Temple.
  5137 | D:7      | 5137 ||| PLANNING TEMPLE
  5146 | Temple   | Entered the Ecumenical Temple
  5260 | Temple   | 5260 ||| PLANNING D:1-11
  5306 | D:7      | 5306 ||| Stepping ~*~*~tactically~*~*~ (stealth).
  5331 | D:7      | Reached skill level 9 in Axes
  5568 | D:7      | 5568 ||| READING scroll of enchant weapon.
  5568 | D:7      | 5568 ||| ENCHANTING +1 vampiric war axe.
  5596 | D:7      | 5596 ||| UPGRADING to ring of willpower.
  5597 | D:7      | 5597 ||| READING scroll labelled WEONOVVINI.
  5600 | D:7      | 5600 ||| READING 2 scrolls of identify.
  5600 | D:7      | 5600 ||| IDENTIFYING viscous purple potion
  5628 | D:8      | Noticed Maggie
  5644 | D:8      | Killed Maggie
  5645 | D:8      | Reached skill level 6 in Armour
  5647 | D:8      | 5647 ||| DROPPING +0 morningstar.
  5663 | D:8      | 5663 ||| Stepping ~*~*~tactically~*~*~ (hiding).
  5716 | D:8      | 5716 ||| Stepping ~*~*~tactically~*~*~ (stealth).
  5746 | D:8      | Reached XP level 10. HP: 62/63 MP: 10/10
  5782 | D:8      | 5782 ||| Stepping ~*~*~tactically~*~*~ (stealth).
  5783 | D:8      | 5783 ||| Stepping ~*~*~tactically~*~*~ (stealth).
  5784 | D:8      | 5784 ||| Stepping ~*~*~tactically~*~*~ (stealth).
  5793 | D:8      | 5793 ||| Stepping ~*~*~tactically~*~*~ (stealth).
  5808 | D:8      | Reached skill level 10 in Axes
  6142 | D:8      | 6142 ||| Stepping ~*~*~tactically~*~*~ (stealth).
  6144 | D:8      | 6144 ||| Stepping ~*~*~tactically~*~*~ (stealth).
  6180 | D:8      | 6180 ||| Stepping ~*~*~tactically~*~*~ (hiding).
  6262 | D:8      | 6262 ||| READING scroll labelled GIS AGO DAMP.
  6295 | D:9      | Found an opulent altar of Gozag.
  6357 | D:9      | 6357 ||| Stepping ~*~*~tactically~*~*~ (stealth).
  6419 | D:9      | 6419 ||| Stepping randomly (disturbance).
  6424 | D:9      | 6424 ||| Stepping ~*~*~tactically~*~*~ (hiding).
  6452 | D:9      | Killed an unseen horror
  6453 | D:9      | Reached skill level 3 in Dodging
  6582 | D:9      | 6582 ||| Stepping ~*~*~tactically~*~*~ (hiding).
  6692 | D:9      | Found a blossoming altar of Fedhas.
  6692 | D:9      | Found a hide-covered altar of Uskayaw.
  6692 | D:9      | Found a shimmering altar of Xom.
  6698 | D:9      | Found a shimmering blue altar of Sif Muna.
  6699 | D:9      | Found a glowing golden altar of the Shining One.
  6701 | D:9      | Found a hazy altar of Hepliaklqana.
  6702 | D:9      | Found a radiant altar of Vehumet.
  6704 | D:9      | Found an ornate altar of the Wu Jian Council.
  6708 | D:9      | Found an iron altar of Okawaru.
  6709 | D:9      | 6709 ||| PLANNING OKAWARU WORSHIP
  6709 | D:9      | 6709 ||| READING scroll labelled POALLE JOPP.
  6710 | D:9      | Found a sparkling altar of Nemelex Xobeh.
  6722 | D:9      | 6722 ||| Stepping ~*~*~tactically~*~*~ (cloud).
  6723 | D:9      | 6723 ||| Stepping ~*~*~tactically~*~*~ (cloud).
  6724 | D:9      | 6724 ||| Stepping ~*~*~tactically~*~*~ (cloud).
  6730 | D:9      | Became a worshipper of Warmaster Okawaru
  6731 | D:9      | 6731 ||| PLANNING D:1-11
  6949 | D:9      | You fall into a shaft and drop 1 floor!
  6949 | D:10     | Entered Level 10 of the Dungeon
  7037 | D:10     | Noticed a two-headed ogre
  7038 | D:10     | 7038 ||| Stepping ~*~*~tactically~*~*~ (stealth).
  7050 | D:10     | HP: 3/64 [two-headed ogre/+0 giant spiked club (15)]
  7051 | D:10     | 7051 ||| DRINKING 2 potions of heal wounds.
  7053 | D:10     | Killed a two-headed ogre
  7053 | D:10     | Reached * piety under Okawaru
  7054 | D:10     | Reached skill level 11 in Axes
  7271 | D:9      | 7271 ||| INVOKING Heroism.
  7272 | D:9      | 7272 ||| Stepping ~*~*~tactically~*~*~ (cloud).
  7274 | D:9      | 7274 ||| Stepping ~*~*~tactically~*~*~ (cloud).
  7280 | D:9      | 7280 ||| Stepping randomly (cloudy).
  7281 | D:9      | 7281 ||| Stepping ~*~*~tactically~*~*~ (cloud).
  7410 | D:9      | Found a bloodstained altar of Trog.
  7419 | D:9      | Reached skill level 1 in Invocations
  7795 | D:10     | 7795 ||| READING scroll of enchant armour.
  7795 | D:10     | 7795 ||| ENCHANTING +0 helmet.
  7875 | D:10     | 7875 ||| INVOKING Heroism.
  7884 | D:10     | Reached XP level 11. HP: 69/69 MP: 9/12
  8293 | D:10     | 8293 ||| UPGRADING to scarf of resistance.
  8298 | D:10     | 8298 ||| DROPPING +2 hat.
  8299 | D:10     | 8299 ||| UPGRADING to ring of see invisible.
  8301 | D:10     | 8301 ||| UPGRADING to +6 ring of dexterity.
  8338 | D:11     | Found a staircase to the Lair.
  8339 | D:11     | 8339 ||| INVOKING Heroism.
  8341 | D:11     | 8341 ||| STAIRDANCE
  8344 | D:10     | Reached skill level 3 in Invocations
  8356 | D:11     | 8356 ||| STAIRDANCE
  8368 | D:11     | 8368 ||| STAIRDANCE
  8375 | D:10     | Reached skill level 9 in Fighting
  8377 | D:11     | 8377 ||| INVOKING Heroism.
  8421 | D:11     | 8421 ||| INVOKING Heroism.
  8428 | D:11     | Reached ** piety under Okawaru
  8430 | D:11     | Noticed a white ugly thing
  8450 | D:11     | Killed a white ugly thing
  8453 | D:11     | 8453 ||| INVOKING Heroism.
  8543 | D:11     | 8543 ||| INVOKING Heroism.
  8545 | D:11     | Noticed a two-headed ogre
  8559 | D:11     | Killed a two-headed ogre
  8616 | D:11     | Noticed a manticore
  8617 | D:11     | 8617 ||| Stepping ~*~*~tactically~*~*~ (hiding).
  8620 | D:11     | 8620 ||| Stepping ~*~*~tactically~*~*~ (hiding).
  8623 | D:11     | 8623 ||| INVOKING Heroism.
  8633 | D:11     | Killed a manticore
  8660 | D:11     | 8660 ||| INVOKING Heroism.
  8661 | D:11     | Reached *** piety under Okawaru
  8681 | D:11     | Noticed Josephine
  8688 | D:11     | 8688 ||| INVOKING Heroism.
  8691 | D:11     | Reached skill level 12 in Axes
  8702 | D:11     | Killed Josephine
  8703 | D:11     | Reached skill level 6 in Shields
  8708 | D:11     | Noticed a wizard
  8718 | D:11     | Killed a wizard
  8718 | D:11     | Received a gift from Okawaru
  8719 | D:11     | Reached **** piety under Okawaru
  8720 | D:11     | Noticed a manticore
  8721 | D:11     | 8721 ||| Stepping ~*~*~tactically~*~*~ (stealth).
  8722 | D:11     | 8722 ||| DRINKING 3 potions of curing.
  8722 | D:11     | 8722 ||| (to cure confusion)
  8730 | D:11     | 8730 ||| INVOKING Heroism.
  8734 | D:11     | Killed a manticore
  8735 | D:11     | 8735 ||| DRINKING 2 potions of curing.
  8735 | D:11     | 8735 ||| (to cure confusion)
  8777 | D:11     | Noticed a centaur warrior
  8779 | D:11     | 8779 ||| Stepping ~*~*~tactically~*~*~ (hiding).
  8787 | D:11     | Killed a centaur warrior
  8788 | D:11     | Reached XP level 12. HP: 77/77 MP: 14/16
  8843 | D:11     | 8843 ||| INVOKING Heroism.
  8853 | D:11     | Reached skill level 6 in Invocations
  8910 | D:11     | 8910 ||| READING scroll of enchant armour.
  8910 | D:11     | 8910 ||| ENCHANTING +1 helmet.
  9158 | D:11     | Reached skill level 9 in Armour
  9181 | D:11     | 9181 ||| INVOKING Heroism.
  9189 | D:11     | Paralysed by a kobold demonologist for 4 turns
  9196 | D:11     | Noticed a sun demon
  9336 | D:11     | Found a staircase to the Orcish Mines.
  9337 | D:11     | 9337 ||| INVOKING Heroism.
  9355 | D:11     | Reached ***** piety under Okawaru
  9481 | D:11     | 9481 ||| PLANNING LAIR
  9481 | D:11     | 9481 ||| DROPPING +2 hat.
  9482 | D:11     | 9482 ||| READING 7 scrolls of identify.
  9482 | D:11     | 9482 ||| IDENTIFYING bubbling white potion
  9483 | D:11     | 9483 ||| READING 6 scrolls of identify.
  9483 | D:11     | 9483 ||| IDENTIFYING sapphire potion
  9484 | D:11     | 9484 ||| DROPPING potion of invisibility.
  9485 | D:11     | 9485 ||| DROPPING potion of flight.
  9530 | Lair:1   | Entered Level 1 of the Lair of Beasts
  9545 | Lair:1   | Identified the +4 battleaxe of Qenwui {freeze, Int+2}
                  | (Okawaru gifted it to you on level 1 of the Lair of Beasts)
  9545 | Lair:1   | Received a gift from Okawaru
  9642 | Lair:1   | 9642 ||| Stepping ~*~*~tactically~*~*~ (stealth).
  9797 | Lair:1   | 9797 ||| INVOKING Heroism.
  9800 | Lair:1   | 9800 ||| Stepping ~*~*~tactically~*~*~ (stealth).
  9835 | Lair:1   | 9835 ||| Stepping ~*~*~tactically~*~*~ (stealth).
  9836 | Lair:1   | 9836 ||| Stepping ~*~*~tactically~*~*~ (stealth).
  9837 | Lair:1   | 9837 ||| Stepping ~*~*~tactically~*~*~ (stealth).
  9838 | Lair:1   | 9838 ||| Stepping ~*~*~tactically~*~*~ (stealth).
  9839 | Lair:1   | 9839 ||| Stepping ~*~*~tactically~*~*~ (stealth).
  9978 | Lair:1   | Reached skill level 13 in Axes
  9992 | Lair:1   | 9992 ||| Stepping ~*~*~tactically~*~*~ (stealth).
  9993 | Lair:1   | 9993 ||| Stepping ~*~*~tactically~*~*~ (stealth).
  9995 | Lair:1   | 9995 ||| Stepping ~*~*~tactically~*~*~ (stealth).
  9997 | Lair:1   | 9997 ||| Stepping ~*~*~tactically~*~*~ (hiding).
 10126 | Lair:1   | 10126 ||| INVOKING Heroism.
 10129 | Lair:1   | 10129 ||| Stepping ~*~*~tactically~*~*~ (stealth).
 10135 | Lair:1   | Identified the +1 cloak of Limited Liability {rC+} (Okawaru
                  | gifted it to you on level 1 of the Lair of Beasts)
 10135 | Lair:1   | Received a gift from Okawaru
 10136 | Lair:1   | Reached skill level 9 in Invocations
 10152 | Lair:1   | 10152 ||| Stepping ~*~*~tactically~*~*~ (stealth).
 10380 | Lair:1   | 10380 ||| UPGRADING to +1 cloak of Limited Liability {rC+}.
 10415 | Lair:2   | Noticed a catoblepas
 10416 | Lair:2   | 10416 ||| INVOKING Heroism.
 10418 | Lair:2   | 10418 ||| INVOKING Finesse.
 10430 | Lair:2   | Killed a catoblepas
 10531 | Lair:2   | Found a hole to the Spider Nest.
 10533 | Lair:2   | 10533 ||| Stepping ~*~*~tactically~*~*~ (stealth).
 10535 | Lair:2   | 10535 ||| INVOKING Heroism.
 10610 | Lair:2   | 10610 ||| INVOKING Heroism.
 10615 | Lair:2   | 10615 ||| Stepping ~*~*~tactically~*~*~ (stealth).
 10616 | Lair:2   | 10616 ||| Stepping ~*~*~tactically~*~*~ (stealth).
 10618 | Lair:2   | 10618 ||| Stepping ~*~*~tactically~*~*~ (stealth).
 10634 | Lair:2   | Reached XP level 13. HP: 82/82 MP: 20/20
 10728 | Lair:2   | 10728 ||| Stepping ~*~*~tactically~*~*~ (hiding).
 10837 | Lair:2   | 10837 ||| INVOKING Heroism.
 10904 | Lair:2   | 10904 ||| Stepping ~*~*~tactically~*~*~ (hiding).
 10906 | Lair:2   | 10906 ||| INVOKING Heroism.
 10909 | Lair:2   | Found a staircase to the Swamp.
 11064 | Lair:2   | 11064 ||| Stepping ~*~*~tactically~*~*~ (stealth).
 11065 | Lair:2   | 11065 ||| Stepping ~*~*~tactically~*~*~ (stealth).
 11071 | Lair:2   | 11071 ||| Stepping ~*~*~tactically~*~*~ (stealth).
 11072 | Lair:2   | 11072 ||| INVOKING Heroism.
 11149 | Lair:2   | 11149 ||| INVOKING Heroism.
 11349 | Lair:2   | 11349 ||| INVOKING Heroism.
 12072 | Lair:3   | 12072 ||| INVOKING Heroism.
 12091 | Lair:3   | Found the +3 pair of gauntlets of War {Slay+5}
 12115 | Lair:3   | 12115 ||| INVOKING Heroism.
 12116 | Lair:3   | 12116 ||| Stepping ~*~*~tactically~*~*~ (stealth).
 12136 | Lair:3   | 12136 ||| Stepping ~*~*~tactically~*~*~ (stealth).
 12172 | Lair:3   | 12172 ||| INVOKING Heroism.
 12173 | Lair:3   | 12173 ||| INVOKING Finesse.
 12278 | Lair:3   | Reached skill level 14 in Axes
 12300 | Lair:3   | 12300 ||| INVOKING Heroism.
 12317 | Lair:3   | HP: 15/82 [lindwurm (8)]
 12318 | Lair:3   | 12318 ||| READING 5 scrolls of teleportation.
 12318 | Lair:3   | Killed from afar by a lindwurm

Levels and vault maps discovered:
D:1:      spicycebolla_arrival_ecumenical, layout_basic,
          dreamdust_princess_corridor
D:2:      layout_loops_corners, serial_shops, nicolae_shop_hallway_plus
D:3:      layout_basic
D:4:      layout_basic, serial_shops, nicolae_shop_hallway_plus,
          nicolae_ossuary_entry_giza, nicolae_titane, uniq_robin
D:5:      layout_basic, grunt_dithmenos_shadows
D:6:      layout_rooms, gammafunk_ghost_nasty_kobolds
D:7:      layout_cave_pools, temple_statues
D:8:      layout_rooms, serial_undead, serial_undead_f, serial_undead_e,
          serial_undead_a, serial_undead_d, serial_undead_b, serial_undead_b,
          uniq_maggie
D:9:      layout_basic, nicolae_overflow_hallway_of_the_gods,
          grunt_gozag_breadcrumbs, trog_hazing_becter, minmay_misc_feat_plants,
          nicolae_two_hexagons
D:10:     layout_basic
D:11:     hangedman_cross_stitches, layout_irregular_city,
          due_lair_maze_entry_diamond, kennysheep_orc_monster_closet_entryway,
          uniq_josephine
Temple:   nicolae_temple_figure_zero
Lair:1:   layout_chaotic_city, infiniplex_staircase_pool_2, grunt_megastairs_3,
          serial_bayou_shore_a
Lair:2:   layout_layer_cave, nicolae_swamp_entry_splash_gauntlet,
          nicolae_spider_entry_non_spiders
Lair:3:   layout_roguey, nicolae_lair_lindhole, grunt_megastairs_2

Skill      XL: |  1  2  3  4  5  6  7  8  9 10 11 12 13 |
---------------+----------------------------------------+-----
Axes           | 2 3 4 5 6 8 9 11 12 13 14 | 14.0
Throwing       | 2 |  2.3
Fighting       | 4 6 7 8 10 | 10.0
Armour         | 4 5 6 7 8 9 10 | 10.0
Dodging        | 1 2 3 4 |  4.0
Shields        | 4 5 6 |  6.7
Invocations    | 2 5 9 10 | 10.0

Action                   |  1- 3 |  4- 6 |  7- 9 | 10-12 | 13-15 || total
-------------------------+-------+-------+-------+-------+-------++-------
Melee: War axe           |    79 |   105 |   307 |   550 |   191 ||  1232
Throw: Boomerang         |       |    29 |    69 |    84 |    27 ||   209
Invok: Heroism           |       |       |       |    19 |     9 ||    28
       Finesse           |       |       |       |     1 |     1 ||     2
  Use: Scroll            |     4 |     3 |    12 |     6 |     1 ||    26
       Potion            |     1 |     2 |     5 |     3 |       ||    11
Armor: Scale mail        |     8 |       |       |       |       ||     8
       Plate armour      |    45 |    97 |   142 |   328 |    83 ||   695
Dodge: Dodged            |    20 |    33 |    69 |   153 |    53 ||   328
Block: Buckler           |    14 |    21 |   161 |   355 |   117 ||   668
       Reflection        |       |       |     3 |    13 |     2 ||    18

Table legend:
 A = Non-vault XP
 B = Vault XP
 C = Vault XP percentage of total XP
 D = Non-vault monster count
 E = Vault monster count
 F = Vault count percentage of total count
                 A         B        C        D         E       F
            +---------+---------+-------+---------+---------+-------
      Total |   25761 |   17235 |  40.1 |     250 |     131 |  34.4
            +---------+---------+-------+---------+---------+-------
        D:1 |      28 |       0 |   0.0 |       8 |       0 |   0.0
        D:2 |     118 |       0 |   0.0 |      15 |       0 |   0.0
        D:3 |      50 |       0 |   0.0 |      16 |       0 |   0.0
        D:4 |     415 |      58 |  12.3 |      21 |      15 |  41.7
        D:5 |     561 |      12 |   2.1 |      11 |       1 |   8.3
        D:6 |     894 |       0 |   0.0 |      23 |       0 |   0.0
        D:7 |     943 |       0 |   0.0 |      19 |       0 |   0.0
        D:8 |    1471 |    1202 |  45.0 |      29 |      16 |  35.6
        D:9 |    1746 |      12 |   0.7 |      29 |       6 |  17.1
       D:10 |    2124 |     331 |  13.5 |      14 |       3 |  17.6
       D:11 |    4118 |    8911 |  68.4 |      16 |      42 |  72.4
     Lair:1 |    3822 |    2917 |  43.3 |      15 |       6 |  28.6
     Lair:2 |    5803 |    2466 |  29.8 |      20 |      15 |  42.9
     Lair:3 |    3668 |    1112 |  23.3 |      14 |       2 |  12.5
    Ossuary |       0 |     214 | 100.0 |       0 |      25 | 100.0
            +---------+---------+-------+---------+---------+-------
